 Dungeon Crawl Stone Soup version 0.25.1-2-g60ff931df9 (webtiles) character file.

Game seed: 11926595484941692947

18 selver the Stinger (level 2, -2/17 HPs)
             Began as an Octopode Venom Mage on Oct 27, 2020.
             Slain by an adder (3 damage)
             ... on level 2 of the Dungeon.
             The game lasted 00:02:39 (1730 turns).

selver the Stinger (Octopode Venom Mage)            Turns: 1730, Time: 00:02:40

Health: -2/17      AC:  1    Str:  7    XL:     2   Next: 66%
Magic:  1/5        EV: 13    Int: 17    God:
Gold:   48         SH:  0    Dex: 12    Spells: 2/5 levels left

rFire    . . .     SeeInvis .   a - +0 whip
rCold    . . .     Gourm    .   (no shield)
rNeg     . . .     Faith    .   (helmet restricted)
rPois    .         Spirit   .   (no amulet)
rElec    .         Reflect  .   (no ring)
rCorr    .         Harm     .   (no ring)
MR       .....                  (no ring)
Stlth    +++.......             (no ring)
HPRegen  0.05/turn              (no ring)
MPRegen  0.09/turn              (no ring)
                                (no ring)
                                (no ring)

@: lethally poisoned (-2 -> -12)
A: almost no armour, stealthy swim, amphibious, 8 rings, constrict 8, camouflage
1, gelatinous body 1
a: no special abilities


You were on level 2 of the Dungeon.
You were hungry.

You visited 1 branch of the dungeon, and saw 2 of its levels.

You collected 48 gold pieces.

Inventory:

Hand Weapons
 a - a +0 whip (weapon)
Armour
 c - a +0 kite shield
Scrolls
 e - a scroll of immolation {unknown}
Potions
 f - a potion of brilliance {unknown}
Comestibles
 b - 3 rations


   Skills:
 - Level 2.0 Dodging
 + Level 3.3 Stealth
 - Level 2.0 Spellcasting
 - Level 1.0 Transmutations
 * Level 4.4 Poison Magic


You had 2 spell levels left.
You knew the following spells:

 Your Spells              Type           Power        Failure   Level  Hunger
a - Sting                 Tmut/Pois      ##..         6%          1    #......
b - Poisonous Vapours     Pois/Air       #.....       12%         2    ###....

Your spell library contained the following spells:

 Spells                   Type           Power        Failure   Level  Hunger
 Ignite Poison            Fire/Tmut/Pois #.......     28%         3    ###....
 Olgreb's Toxic Radiance  Pois           ###.....     30%         4    #####..
 Mephitic Cloud           Conj/Pois/Air  #.......     32%         3    ###....


Dungeon Overview and Level Annotations

Branches:
Dungeon (2/15)

Altars:
Nemelex Xobeh


Innate Abilities, Weirdness & Mutations

You cannot wear most types of armour.
You are very stealthy in the water. (Stealth+)
You are amphibious.
You can wear up to eight rings at the same time.
You can use your tentacles to constrict eight enemies at once.
Your skin changes colour to match your surroundings (Stealth+).
Your rubbery body absorbs attacks. (AC +1, EV +1)


Message History

Casting: Poisonous Vapours (safe; 12% risk of failure)
Confirm with . or Enter, or press ? or * to list all spells.
Aiming: Sting (safe; 6% risk of failure)
Press: ? - help, Shift-Dir - straight line, f/p - adder
Aim: an adder (heavily wounded, poisoned)
The sting misses the adder.
You constrict the hobgoblin, but do no damage.
* * * LOW HITPOINT WARNING * * *
You feel sick. The hobgoblin hits you.
* * * LOW HITPOINT WARNING * * *
The adder misses you.
Casting: Sting (safe; 6% risk of failure)
Confirm with . or Enter, or press ? or * to list all spells.
Aiming: Sting (safe; 6% risk of failure)
Press: ? - help, Shift-Dir - straight line, f/p - adder
Aim: an adder (heavily wounded, poisoned)
The sting misses the adder.
You constrict the hobgoblin, but do no damage.
The hobgoblin closely misses you. The adder bites you.
You die...

#............
#............
#............
#............
###............
...............
#########....S.......
#......##....@g......
######.##.##...........(
....<...#.####.#########
####.#..#.# #.#
#....#..#.# #.#
#.#..#..#.# #.#
#.#..#..#.# #.#
#.#..#..#.# #.#
#.#..#..#.# #.#


You could see an adder (poisoned) and a hobgoblin.

Vanquished Creatures
  A dart slug (D:2)
  A bat (D:2)
  3 giant cockroaches (D:1)
  A hobgoblin (D:1)
  2 jackals (D:1)
  A kobold (D:1)
  A quokka (D:2)
  4 rats (D:1)
14 creatures vanquished.

Notes
Turn   | Place    | Note
-------+----------+-------------------------------------------
     0 | D:1      | selver the Octopode Venom Mage began the quest for the Orb.
     0 | D:1      | Reached XP level 1. HP: 11/11 MP: 3/3
   441 | D:1      | Reached skill level 4 in Poison Magic
   807 | D:1      | Reached XP level 2. HP: 17/17 MP: 5/5
  1019 | D:1      | Found a sparkling altar of Nemelex Xobeh.
  1654 | D:1      | Learned a level 2 spell: Poisonous Vapours
  1730 | D:2      | Slain by an adder

Illustrated notes

Levels and vault maps discovered:
D:1:      dpeg_arrival_prison, layout_basic, nemelex_altar_shiori
D:2:      layout_basic, lemuel_doored_altar

Skill      XL: |  1 |
---------------+----+-----
Stealth        | 3 |  3.3
Poison Magic   | 4 |  4.4
Dodging        | |  2.0
Spellcasting   | |  2.0
Transmutations | |  1.0

Action                   || total
-------------------------++-------
Melee: Unarmed           ||    12
       Whip              ||    25
       Constrict         ||    13
       Tentacles         ||     7
 Cast: Sting             ||     6
       Poisonous Vapours ||     1
 Stab: Sleeping          ||     5
  Eat: Chunk             ||     2
Armor: Skin              ||     3
Dodge: Dodged            ||    26
